 Dungeon Crawl Stone Soup version 0.26-a0-812-g31a745ddcd (webtiles) character file.

Game seed: 4605041439659241291

34 kae the Vexing (level 3, 0/20 HPs)
             Began as a Deep Elf Arcane Marksman on Nov 25, 2020.
             Slain by a hobgoblin (2 damage)
             ... on level 1 of the Dungeon.
             The game lasted 00:01:11 (795 turns).

kae the Vexing (Deep Elf Arcane Marksman)            Turns: 795, Time: 00:01:12

Health: 0/20       AC:  2    Str:  7    XL:     3   Next: 14%
Magic:  7/8        EV: 13    Int: 17    God:
Gold:   83         SH:  0    Dex: 16    Spells: 5/6 levels left

rFire    . . .     SeeInvis .   a - +0 shortbow
rCold    . . .     Faith    .   (shield currently unavailable)
rNeg     . . .     Spirit   .   e - +0 robe
rPois    .         Reflect  .   (no helmet)
rElec    .         Harm     .   (no cloak)
rCorr    .         Rampage  .   (no gloves)
MR       .....                  (no boots)
Stlth    +.........             (no amulet)
HPRegen  0.06/turn              (no ring)
MPRegen  0.11/turn              (no ring)

@: no status effects
A: no striking features
a: no special abilities


You were on level 1 of the Dungeon.
You visited 1 branch of the dungeon, and saw 1 of its levels.

You collected 83 gold pieces.

Inventory:

Hand Weapons
 a - a +0 shortbow (weapon)
Missiles
 d - 4 arrows (quivered)
Armour
 e - a +0 robe (worn)
Scrolls
 b - 3 scrolls of identify {unknown}
Potions
 c - a potion of curing {unknown}


   Skills:
 + Level 1.2 Fighting
 + Level 3.2 Bows
 + Level 3.0 Dodging
 + Level 2.2 Spellcasting
 + Level 4.3 Hexes


You had 5 spell levels left.
You knew the following spells:

 Your Spells              Type           Power        Failure   Level
a - Corona                Hex            ###....      3%          1

Your spell library contained the following spells:

 Spells                   Type           Power        Failure   Level
 Slow                     Hex            ###.....     4%          2
 Inner Flame              Hex/Fire       #.......     22%         3
 Portal Projectile        Hex/Tloc       #.....       22%         3
 Cause Fear               Hex            ###.......   30%         4
 Leda's Liquefaction      Hex/Erth       #.........   58%         4


Dungeon Overview and Level Annotations

Branches:
Dungeon (1/15)

Altars:


Message History

Firing (i - inventory)
d - 6 arrows (quivered)
Press: ? - help, Shift-Dir - straight line, f - hobgoblin
Aim: a hobgoblin You shoot an arrow.
The arrow hits the hobgoblin but does no damage.
The hobgoblin completely misses you.
Casting: Corona (safe; 3% risk of failure)
Confirm with . or Enter, or press ? or * to list all spells.
Aiming: Corona (safe; 3% risk of failure)
Press: ? - help, Shift-Dir - straight line, f/p - hobgoblin
Aim: a hobgoblin (chance to defeat MR: 71%)
The hobgoblin is outlined in light.
The hobgoblin hits you.
* * * LOW HITPOINT WARNING * * *
Firing (i - inventory)
d - 5 arrows (quivered)
Press: ? - help, Shift-Dir - straight line, f/p - hobgoblin
Aim: a hobgoblin (softly glowing)
You shoot an arrow.
The arrow hits the hobgoblin but does no damage.
The hobgoblin hits you.
You die...

##### #.....†.......#
#...###.....####..#..#
#........†.## ##.# .#
#...#####..#. #..#.#
.. ##.## #..#(. ...#.#
.# ##.#######.##.#
..##.# .#
............#).####..#
.#
##.#######....Kg.....#
.# #...#####...#
#@#.#.###.#
###.......###
#[........# #..####.#
#.#...[.>.# #..# #.#
#.###.....# #..#
..#....#..# #..#
####.##.#..# #.†#
#.##.#..# ####.)#####
#.##.#..# #.........#
#.##..†.#


You could see a hobgoblin (corona) and a kobold.

Vanquished Creatures
  A leopard gecko (D:1)
  4 bats (D:1)
  3 giant cockroaches (D:1)
  2 goblins (D:1)
  2 hobgoblins (D:1)
  8 jackals (D:1)
  A ball python (D:1)
  A frilled lizard (D:1)
  2 kobolds (D:1)
  5 rats (D:1)
29 creatures vanquished.

Notes
Turn   | Place    | Note
-------+----------+-------------------------------------------
     0 | D:1      | kae the Deep Elf Arcane Marksman began the quest for the
                  | Orb.
     0 | D:1      | Reached XP level 1. HP: 11/11 MP: 5/5
   141 | D:1      | Reached skill level 1 in Fighting
   196 | D:1      | Reached XP level 2. HP: 16/16 MP: 4/6
   687 | D:1      | Reached XP level 3. HP: 20/20 MP: 5/8
   795 | D:1      | Slain by a hobgoblin

Illustrated notes

Levels and vault maps discovered:
D:1:      saegor_arrival_under_anarchy, layout_loops_ring,
          minmay_close_crescents

Skill      XL: |  1  2  3 |
---------------+----------+-----
Fighting       | 1 |  1.2
Bows           | 3 |  3.2
Spellcasting   | 2 |  2.2
Dodging        | 3 |  3.0
Hexes          | |  4.3

Action                   || total
-------------------------++-------
Melee: Unarmed           ||    27
 Fire: Shortbow          ||    74
 Cast: Corona            ||    25
Armor: Robe              ||    15
Dodge: Dodged            ||    44

Table legend: (Time is in decaauts)
 A = Elapsed time spent in this place.
 B = Non-inter-level travel time spent in this place.
 C = Inter-level travel time spent in this place.
 D = Time resting spent in this place.
 E = Time spent auto-exploring this place.
 F = Levels seen in this place.
 G = Mean time per level.
                   A        B        C        D        E       F      G
               +--------+--------+--------+--------+--------+-----+--------+
         Total |    803 |    803 |      0 |      2 |    590 |   1 |  803.0 |
       Dungeon |    803 |    803 |      0 |      2 |    590 |   1 |  803.0 |
               +--------+--------+--------+--------+--------+-----+--------+

Top non-repeatable levels by time:
     D:1: 803 daAuts
